 Dungeon Sprint DCSS version 0.23-a0-701-gd76f34b (webtiles) character file.

446 JosiahThimblerig the Blocker (level 7, -4/70 HPs)
             Began as a Hill Orc Fighter on Jan 12, 2019.
             Was an Initiate of Vehumet.
             Succumbed to Sonja's poison
             ... in the Dungeon (Sprint I: "Red Sonja").
             The game lasted 00:04:58 (357 turns).

JosiahThimblerig the Blocker (Hill Orc Fighter)      Turns: 357, Time: 00:04:58

Health: -4/70      AC:  8    Str: 19    XL:     7   Next: 3%
Magic:  7/7        EV:  9    Int:  9    God:    Vehumet [......]
Gold:   114        SH: 11    Dex: 11    Spells: 6/6 levels left

rFire    . . .     SeeInvis .   a - +0 war axe
rCold    . . .     Gourm    .   c - +0 shield
rNeg     . . .     Faith    .   b - +0 scale mail
rPois    .         Spirit   .   (no helmet)
rElec    .         Reflect  .   (no cloak)
rCorr    .         Harm     .   (no gloves)
MR       .....     NoTele   +   (no boots)
Stlth    ..........             (no amulet)
HPRegen  0.21/turn              (no ring)
MPRegen  0.10/turn              (no ring)

@: lethally poisoned (-4 -> -87), slowed, very slow
A: no striking features
a: Renounce Religion


You were in the Dungeon.
You worshipped Vehumet.
Vehumet was noncommittal.
You were not hungry.

You visited 1 branch You collected 324 gold pieces.
You spent 210 gold pieces at shops.

Inventory:

Hand Weapons
 a - a +0 war axe (weapon)
 l - a +0 dagger
 n - a +0 giant club
 o - a +0 scythe
 s - a +0 trident
Missiles
 e - a curare-tipped needle (quivered)
 q - 27 arrows
Armour
 b - a +0 scale mail (worn)
 c - a +0 shield (worn)
 m - a +0 ring mail
 p - a +0 robe
Scrolls
 k - a scroll of blinking
 r - a scroll of identify {unknown}
Potions
 d - a potion of might
 h - a potion of haste
 i - 2 potions of magic
 j - a potion of berserk rage
Comestibles
 f - 4 rations


   Skills:
 + Level 9.2 Fighting
 + Level 8.2 Axes
 + Level 8.7 Armour
 + Level 1.6 Dodging
 + Level 9.5 Shields


You had 6 spell levels left.
You didn't know any spells.
Your spell library was empty.

Dungeon Overview and Level Annotations

Branches:
Dungeon (1/1)

Altars:
Cheibriados
Dithmenos
Elyvilon
Fedhas
Gozag
Hepliaklqana
Kikubaaqudgha
Nemelex Xobeh
Okawaru
Qazlal
Ru
Sif Muna
Trog
Uskayaw
Vehumet
Wu Jian
Yredelemnul
Zin
The Shining One

Shops:
D %

Annotations:
D Sonja


Message History

You feel extremely sick.
Sonja hits you with a +0 short sword of venom.
* * * LOW HITPOINT WARNING * * *
You are more poisoned.
You block Sonja's attack. x3; Sonja hits you but does no damage.
Sonja closely misses you. Sonja hits you but does no damage.
You are more poisoned.
Sonja completely misses you. Sonja hits you but does no damage.
You miss Sonja.
* * * LOW HITPOINT WARNING * * *
You feel extremely sick. You block Sonja's attack. Sonja closely misses you.
Sonja hits you but does no damage. x2
You are more poisoned.
Sonja hits you but does no damage.
You are more poisoned.
You block Sonja's attack.
You slice Sonja!!
Sonja is severely wounded.
You die...

#..'..#..'..#..+
#..#####'#####'#
#..####..#...#.#
#..#__####..##.#
#..#_____##'#_.+
#⌠⌠#_.∩...'(.._#
####_..__##_.#'#
#_____###(#.#
#########@###
+.K$+ #$.$#
##.## #+#


You could see Sonja.

Vanquished Creatures
  Sigmund (D)
  A yak (D)
  An ogre (D)
  A jelly (D)
  Ijyb (D)
5 creatures vanquished.

Notes
Turn   | Place    | Note
-------+----------+-------------------------------------------
     0 | D        | JosiahThimblerig the Hill Orc Fighter began the quest for
                  | the Orb.
     0 | D        | Reached XP level 1. HP: 19/19 MP: 1/1
     2 | D        | Noticed Ijyb
    18 | D        | Killed Ijyb
    18 | D        | Reached skill level 5 in Fighting
    18 | D        | Reached XP level 2. HP: 29/29 MP: 2/2
    18 | D        | Reached XP level 3. HP: 36/36 MP: 3/3
    24 | D        | Noticed an ogre
    29 | D        | Killed an ogre
    29 | D        | Reached XP level 4. HP: 37/45 MP: 4/4
    86 | D        | Noticed Sigmund
    96 | D        | Killed Sigmund
    96 | D        | Reached skill level 1 in Dodging
    96 | D        | Reached XP level 5. HP: 32/53 MP: 5/5
    96 | D        | Reached XP level 6. HP: 37/61 MP: 6/6
   228 | D        | Found a deep blue altar of Sif Muna.
   229 | D        | Found an ornate altar of the Wu Jian Council.
   230 | D        | Found a radiant altar of Vehumet.
   286 | D        | Found Kiodoul's Food Emporium.
   286 | D        | Found an ancient bone altar of Kikubaaqudgha.
   286 | D        | Found a hazy altar of Hepliaklqana.
   286 | D        | Found a stormy altar of Qazlal.
   286 | D        | Found a hide-covered altar of Uskayaw.
   286 | D        | Found a blossoming altar of Fedhas.
   286 | D        | Found a bloodstained altar of Trog.
   286 | D        | Found an iron altar of Okawaru.
   286 | D        | Found a basalt altar of Yredelemnul.
   286 | D        | Found a glowing golden altar of the Shining One.
   286 | D        | Found a snail-covered altar of Cheibriados.
   286 | D        | Found a sacrificial altar of Ru.
   286 | D        | Found a glowing silver altar of Zin.
   286 | D        | Found a shadowy altar of Dithmenos.
   286 | D        | Found a white marble altar of Elyvilon.
   286 | D        | Noticed a yak
   293 | D        | Killed a yak
   293 | D        | Reached XP level 7. HP: 59/70 MP: 7/7
   295 | D        | Became a worshipper of Vehumet
   296 | D        | Found an opulent altar of Gozag.
   297 | D        | Found a sparkling altar of Nemelex Xobeh.
   301 | D        | Bought a ration for 70 gold pieces
   301 | D        | Bought a ration for 70 gold pieces
   301 | D        | Bought a ration for 70 gold pieces
   343 | D        | Noticed Sonja
   357 | D        | Succumbed to Sonja's poison

Vault maps used:
D:        dungeon_sprint_1

Skill      XL: |  1  2  3  4  5  6 |
---------------+-------------------+-----
Fighting       | 5 6 8 9 |  9.2
Axes           | 3 4 6 8 |  8.2
Armour         | 4 6 7 8 |  8.7
Shields        | 4 6 8 9 |  9.5
Dodging        | 1 |  1.6

Action                   |  1- 3 |  4- 6 |  7- 9 || total
-------------------------+-------+-------+-------++-------
Melee: War axe           |    21 |    19 |     4 ||    44
  Use: Potion            |       |       |     2 ||     2
Armor: Scale mail        |     4 |     2 |     7 ||    13
Dodge: Dodged            |     3 |     4 |     7 ||    14
Block: Shield            |    12 |     8 |    14 ||    34

Table legend:
 A = Non-vault XP
 B = Vault XP
 C = Vault XP percentage of total XP
 D = Non-vault monster count
 E = Vault monster count
 F = Vault count percentage of total count
                 A         B        C        D         E       F
            +---------+---------+-------+---------+---------+-------
      Total |       0 |     638 | 100.0 |       0 |       5 | 100.0
            +---------+---------+-------+---------+---------+-------
          D |       0 |     638 | 100.0 |       0 |       5 | 100.0
            +---------+---------+-------+---------+---------+-------
